[Event "Early-Titled-Tuesday-Blitz-May-07-2024"]
[Site "Chess.com"]
[Date "2024.05.07"]
[Round "4"]
[White "JeFumeDesClopes"]
[Black "baki83"]
[Result "1-0"]
[WhiteElo "2703"]
[BlackElo "2914"]
[TimeControl "180+1"]
[EndTime "8:43:46 PDT"]
[Termination "JeFumeDesClopes won by resignation"]

1. Nf3 d5 2. g3 Nf6 3. Bg2 g6 4. c4 d4 5. b4 Bg7 6. d3 c5 7. b5 O-O 8. O-O a6 9. a4 axb5 10. cxb5 Nd5 11. Bd2 Nd7 12. Qb3 N7f6 13. Na3 Be6 14.
Nc4 Nb6 15. Nfe5 Nfd5 16. Nxb6 Nxb6 17. Nc4 Bd5 18. Bxd5 Nxd5 19. a5 Qd7 20. Rfc1 Qe6 21.
Nb6 Nxb6 22. Qxe6 fxe6 23. axb6 Rxa1 24. Rxa1 e5 25. Ra7 Rb8 26. Kg2 Kf7 27. Kf3 Ke6 28. Ke4 Kd6 29. h4 Bf6 30. f3 h5 31. e3 dxe3 32.
Bxe3 e6 33. Bd2 Bd8 34. Bc3 Bf6 35. f4 Bg7 36. Ra1 Ke7 37. Bxe5 Bxe5 38. Kxe5 Rd8 39.
Ra7 Rd7 40. Ke4 Kf6 41. Ra8 Rd4+ 42. Ke3 Rd6 43. Rc8 Rxb6 44. Rxc5 Rd6 45. d4 b6 46. Rc6 Rd5 47. Rxb6 Kf5 48. Rb7 Kg4 49. Rg7 Kxg3 50. Rxg6+ Kxh4 51. Ke4 Rxb5 52. Rxe6 Rb1 53. Rg6 Kh3 54.
d5 Re1+ 55. Kf5 Rd1 56. d6 h4 57. Ke5 Kh2 58. f5 h3 59. f6 Re1+ 60. Kf5 Rf1+ 61. Ke6 Re1+ 62. Kf7 Kh1 63. d7 Rd1 64. Ke8 h2 65. Rh6 Re1+ 66. Kd8 Rf1 67. Kc8 Rc1+ 68.
Kb7 Rb1+ 69. Ka6 Rd1 70. f7 1-0

[Event "Early-Titled-Tuesday-Blitz-May-07-2024"]
[Site "Chess.com"]
[Date "2024.05.07"]
[Round "4"]
[White "Cheer_Down"]
[Black "twofoxniel"]
[Result "1/2-1/2"]
[WhiteElo "2481"]
[BlackElo "2673"]
[TimeControl "180+1"]
[EndTime "8:43:46 PDT"]
[Termination "Game drawn by repetition"]

1. e4 d5 2. exd5 Nf6 3. c4 c6 4. d4 cxd5 5. Nc3 Nc6 6. Bg5 e6 7. c5 Be7 8. Bb5 O-O 9. Bxc6 bxc6 10. Nge2 e5 11. O-O h6 12. Bh4 exd4 13. Nxd4 Bd7 14. b4 Re8 15. Qf3 Ne4 16. Bxe7 Rxe7 17. Nxe4 Rxe4 18. Rad1 Bg4 19. Qg3 Bxd1 20. Rxd1 Qd7 21. b5 cxb5 22. c6 Rxd4 23. Rxd4 Qxc6 24. h3 Re8 25. Qb3 Re5 26. g3 a6 27. a4 Re1+ 28. Kg2 Re4 29. axb5 axb5 30. Qxd5 Qxd5 31.
Rxd5 b4 32. Rb5 Rc4 33. Rb7 g6 34. g4 Kg7 35. Kg3 Kf6 36. h4 Ke6 37. f3 Rd4 38.
Kf2 h5 39. Kg3 hxg4 40. fxg4 Rd3+ 41. Kf4 Rd4+ 42. Kf3 Rc4 43. Kg3 f6 44. h5 gxh5 45. gxh5 Kf5 46. h6 Kg6 47. h7 Rc8 48. Rxb4 Kxh7 49.
Kf4 Kg6 50. Rb1 Rc4+ 51. Kf3 Kg5 52. Rb5+ f5 53. Rb8 Rc3+ 54. Kf2 Kg4 55. Rg8+ Kf4 56. Rf8 Rc2+ 57. Kf1 Kg4 58. Kg1 f4 59. Kf1 Kf3 60. Kg1 Rc1+ 61. Kh2 Ke3 62. Kg2 Rc2+ 63. Kf1 Kf3 64.
Kg1 Rc1+ 65. Kh2 Rf1 66. Ra8 Rf2+ 67. Kg1 Re2 68. Rf8 Rb2 69. Rf7 Kg3 70. Rg7+ Kf3 71. Rf7 Ke3 72. Re7+ Kf3 73. Rf7 1/2-1/2

[Event "Early-Titled-Tuesday-Blitz-May-07-2024"]
[Site "Chess.com"]
[Date "2024.05.07"]
[Round "4"]
[White "DanielDardha2005"]
[Black "FairChess_on_YouTube"]
[Result "1/2-1/2"]
[WhiteElo "2886"]
[BlackElo "3077"]
[TimeControl "180+1"]
[EndTime "8:43:51 PDT"]
[Termination "Game drawn - insufficient material"]

1. c4 e6 2. Nf3 d5 3. e3 Nf6 4.
Nc3 Bd6 5. b3 O-O 6. Bb2 b6 7. Nb5 Be7 8. Be5 Na6 9. h4 Nd7 10.
Bb2 Bb7 11. cxd5 Bxd5 12. Qb1 h6 13. Be2 Nac5 14. Nc3 Bb7 15. d4 Na6 16. g4 c5 17.
g5 cxd4 18. exd4 h5 19. g6 fxg6 20. Rg1 Rxf3 21. Bxf3 Bxf3 22. Qxg6 Bf6 23. Ne4 Nb4 24. Kf1 Nd5 25. Ng5 Bxg5 26. Qxe6+ Kh8 27. Rxg5 N7f6 28. Rc1 Qe8 29. Re5 Qg6 30. Rg5 Qd3+ 31. Kg1 Re8 32. Qf5 Qxf5 33. Rxf5 Re2 34. Rxf3 Rxb2 35. Rc8+ Kh7 36.
a4 Rd2 37. Ra8 a5 38. Ra7 Rxd4 39. Rg3 Rg4 40. Kg2 Kg6 41. f3 Nf4+ 42. Kf2 Nd3+ 43. Kg2 Rxg3+ 44. Kxg3 Nc5 45. Rc7 Nd5 46. Rc6+ Kf5 47.
Kf2 Nxb3 48. Rd6 Ke5 49. Rg6 Nc5 50. Rxg7 Nxa4 51. Rg5+ Ke6 52. Rxh5 Nac3 53. Rh6+ Kf5 54. h5 Kg5 55. Rh8 a4 56. h6 a3 57. Ra8 Kxh6 58.
Rxa3 Kg5 59. Rb3 Kf4 60. Ke1 b5 61. Kd2 Ke5 62. Rxc3 Nxc3 63. Kxc3 Kf4 64. Kb4 Kxf3 65. Kxb5 1/2-1/2

[Event "Early-Titled-Tuesday-Blitz-May-07-2024"]
[Site "Chess.com"]
[Date "2024.05.07"]
[Round "4"]
[White "Rodalquilar"]
[Black "N18player"]
[Result "1-0"]
[WhiteElo "2739"]
[BlackElo "2542"]
[TimeControl "180+1"]
[EndTime "8:43:52 PDT"]
[Termination "Rodalquilar won by resignation"]

1. d4 Nf6 2. Nf3 e6 3. Bf4 c5 4. e3 Nc6 5. c3 b6 6. Nbd2 Bb7 7. Bd3 d5 8. O-O Bd6 9. Bg3 Bxg3 10. hxg3 O-O 11. Ne5 Nxe5 12. dxe5 Ne4 13. Nxe4 dxe4 14. Bc2 Qg5 15. Qd6 Bd5 16. Rfd1 Rfd8 17. Qc7 Rdc8 18.
Qd6 Rc6 19. Qd7 Qxe5 20. Bb3 Rc7 21. Qa4 a6 22. Bxd5 exd5 23. Rd2 b5 24. Qa5 Rd7 25.
a4 Rb8 26. axb5 axb5 27. Rad1 h5 28. Qa6 b4 29. Qc6 bxc3 30. bxc3 Rdd8 31. Rxd5 Rxd5 32. Qxd5 Qxd5 33. Rxd5 Rb1+ 34. Kh2 Rb2 35. Rf5 Rc2 36.
Kh3 Rxc3 37. Rxh5 Rc2 38. Rf5 g6 39. Rf4 f5 40. g4 Kg7 41. gxf5 gxf5 42. Rxf5 c4 43. Kg3 c3 44. Re5 Rd2 45. Rxe4 c2 46. Rc4 Kg6 47. Kf3 Kf5 48. Rc5+ Ke6 49. g4 Kf6 50.
Kg3 Kg6 51. f4 Re2 52. Kf3 Rd2 53. e4 Rd3+ 54. Ke2 Rd4 55. Rxc2 Rxe4+ 56. Kf3 Ra4 57. Re2 Kf6 58. Re3 Kg6 59. Re6+ Kf7 60. f5 Rb4 61. Kg3 Kg7 62. Kh4 Rb1 63. Kg5 Rb5 64.
Re7+ Kf8 65. Rc7 Rb4 66. f6 Kg8 67. Kf5 Kf8 68. g5 Rb5+ 69. Kg6 1-0

[Event "Early-Titled-Tuesday-Blitz-May-07-2024"]
[Site "Chess.com"]
[Date "2024.05.07"]
[Round "4"]
[White "kachsona"]
[Black "MAGMAchess02"]
[Result "1-0"]
[WhiteElo "2626"]
[BlackElo "2242"]
[TimeControl "180+1"]
[EndTime "8:43:52 PDT"]
[Termination "kachsona won on time"]

1. b3 c5 2. Bb2 Nc6 3. Nf3 Nf6 4.
g3 g6 5. Bg2 Bg7 6. O-O O-O 7.
d3 d5 8. Nbd2 Qc7 9. e4 d4 10. c3 e5 11. cxd4 cxd4 12. Rc1 Be6 13. Nc4 Bxc4 14. Rxc4 Nd7 15. a4 Qb6 16. Ba3 Rfc8 17.
Bh3 Qd8 18. b4 Bf8 19. Qc2 Nb6 20. Bxc8 Rxc8 21. Rc1 Nxc4 22. Qxc4 Qd6 23. Qb3 Ne7 24. b5 Rxc1+ 25. Bxc1 Qc7 26. Ba3 Nc8 27. Bxf8 Kxf8 28.
Kg2 Kg7 29. h4 h6 30. Nd2 Qc3 31. Qxc3 dxc3 32. Nb3 Nb6 33. a5 Na4 34. Kf3 c2 35. Ke3 Nc3 36. b6 axb6 37. axb6 Na4 38. Kd2 Nxb6 39.
Nc5 f5 40. Kxc2 Kf6 41. f3 f4 42. g4 g5 43. h5 Nc8 44. Nxb7 Ke6 45. Kc3 Ne7 46.
d4 exd4+ 47. Kxd4 Nc6+ 48. Kd3 Ne5+ 49. Ke2 Nf7 50. Nc5+ Kd6 51. Nb3 Kc6 52. Nd4+ Kc5 53. Kd3 Ne5+ 54. Kc3 Nf7 55. Nf5 1-0

[Event "Early-Titled-Tuesday-Blitz-May-07-2024"]
[Site "Chess.com"]
[Date "2024.05.07"]
[Round "4"]
[White "WiseKing_08"]
[Black "yonaltimur"]
[Result "1-0"]
[WhiteElo "2611"]
[BlackElo "2407"]
[TimeControl "180+1"]
[EndTime "8:43:53 PDT"]
[Termination "WiseKing_08 won by resignation"]

1. e4 c5 2. Nc3 Nc6 3. Bb5 Nd4 4. Bc4 e6 5. Nge2 a6 6. Nxd4 cxd4 7. Ne2 Bc5 8. d3 Ne7 9. O-O O-O 10. Ng3 b5 11. Bb3 Kh8 12. Qh5 d6 13. Bg5 f6 14.
Bd2 Qe8 15. Qg4 Nc6 16. f4 a5 17. a4 b4 18. Rae1 Ra7 19. f5 Ne5 20. Qh4 exf5 21. Nxf5 Be6 22. Bxe6 Qxe6 23. b3 Bb6 24. Re2 g6 25.
Nh6 Kg7 26. Qg3 Bd8 27. Nf5+ Kh8 28. Nxd4 Bb6 29. Be3 Qg4 30. Nf3 Nxf3+ 31. Qxf3 Qxf3 32. Rxf3 Bxe3+ 33. Rexe3 Rc7 34. Re2 Kg7 35. Kf1 Rfc8 36. Rff2 Rc5 37. Ke1 Kf7 38. Kd1 Ke6 39. Rf4 Kf7 40.
Rh4 Kg7 41. Rf4 d5 42. exd5 Rxd5 43. Rc4 Rcd8 44. Rc7+ R8d7 45. Rxd7+ Rxd7 46. Kd2 Kf7 47. Re4 Rd5 48. d4 h5 49. h4 g5 50. g3 Kg6 51. Kd3 Kf5 52. Re8 gxh4 53. gxh4 Kg4 54. Rf8 Kxh4 55. Kc4 Rf5 56. d5 Kg3 57. d6 Rf4+ 58. Kc5 Rf2 59. d7 Rxc2+ 60. Kb6 Rd2 61. d8=Q Rxd8 62. Rxd8 h4 63. Rg8+ Kf2 64. Rh8 1-0

[Event "Early-Titled-Tuesday-Blitz-May-07-2024"]
[Site "Chess.com"]
[Date "2024.05.07"]
[Round "4"]
[White "unbreakablepawn35"]
[Black "JiaHaoxiang"]
[Result "1/2-1/2"]
[WhiteElo "2410"]
[BlackElo "2580"]
[TimeControl "180+1"]
[EndTime "8:43:54 PDT"]
[Termination "Game drawn by repetition"]

1. d4 Nf6 2. Nf3 g6 3. b3 Bg7 4.
Bb2 O-O 5. e3 d6 6. Nbd2 c6 7. c4 Nbd7 8. Be2 a5 9. a3 Re8 10.
O-O e5 11. dxe5 dxe5 12. Qc2 Qb6 13. c5 Qxc5 14. Qxc5 Nxc5 15. Bxe5 Bf5 16. Rfc1 Nd3 17. Bxd3 Bxd3 18. Nc4 Bxc4 19. Rxc4 Rad8 20. Rd4 Rxd4 21.
Bxd4 Rd8 22. Rc1 Rd5 23. Kf1 Rb5 24. Rc5 Rxb3 25. Rxa5 Kf8 26. Nd2 Rb5 27. Rxb5 cxb5 28. Bxf6 Bxf6 29. Ne4 Be7 30. Nc3 Bxa3 31. Nxb5 Bb2 32.
Ke2 Ke7 33. Kd3 Kd7 34. Kc4 Kc6 35. Na7+ Kd7 36. Nb5 h5 37. f3 Be5 38. g3 Bb2 39. e4 b6 40. Kb3 Be5 41. Kc4 Kc6 42. Na7+ Kb7 43. Nb5 f6 44. f4 Bb8 45. Kd5 Ka6 46. Kc6 Ka5 47. Nc3 h4 48. Nd5 hxg3 49. hxg3 b5 50. Nxf6 b4 51. Nd5 b3 52. Nc3 Kb4 53.
Nb1 b2 54. Kd5 Kb3 55. e5 Kc2 56. Na3+ Kb3 57. Nb1 Bc7 58. e6 Bd8 59. Kd6 Kc2 60. Na3+ Kb3 61. Nb1 Kc2 62. Na3+ Kb3 63. Nb1 1/2-1/2

[Event "Early-Titled-Tuesday-Blitz-May-07-2024"]
[Site "Chess.com"]
[Date "2024.05.07"]
[Round "4"]
[White "SRob2003"]
[Black "MaxLeto"]
[Result "1-0"]
[WhiteElo "2651"]
[BlackElo "2423"]
[TimeControl "180+1"]
[EndTime "8:43:55 PDT"]
[Termination "SRob2003 won on time"]

1. g4 d5 2. Bg2 Bxg4 3. c4 c6 4. Qb3 Nf6 5. Qxb7 Nbd7 6. Nc3 e6 7. cxd5 cxd5 8. Nb5 Rc8 9. d3 Bb4+ 10. Kf1 O-O 11. Qxa7 Nc5 12. Bf4 Ba5 13. Rc1 Nfd7 14. b4 Ra8 15.
Bc7 Qc8 16. Qxa5 Rxa5 17. Bxa5 Qa6 18. Nc7 Qa7 19. h3 Bh5 20. Nf3 Nb7 21. Nb5 Qa6 22. Nc7 Qd6 23. Nb5 Qf4 24. e3 Qf6 25. Ke2 Nxa5 26.
bxa5 e5 27. e4 dxe4 28. dxe4 Qa6 29. a4 Qxa5 30. Rc4 Nb6 31. Rc5 Nxa4 32. Rxe5 Nc3+ 33. Kd3 Nxb5 34. Rxh5 Qa3+ 35. Ke2 Nc3+ 36. Ke3 Nd5+ 37.
Kd4 Nf6 38. Rg5 Rd8+ 39. Ke5 Qc5+ 40. Kf4 Qc3 41. Re1 h6 42. Rf5 g5+ 43. Kg3 Nh5+ 44. Kh2 Nf4 45. e5 Nxg2 46. Kxg2 Qd3 47. Rf6 Qd5 48.
Re3 Re8 49. Rxh6 Re6 50. Rxe6 fxe6 51. Kg3 Qd1 52. Nxg5 Qh5 53. Nf3 Qf5 54. Kh2 Qf4+ 55. Kg2 Kg7 56. h4 Kg6 57. Kf1 Kf5 58. Ke2 Qc4+ 59. Ke1 Kf4 60. Kd2 Qb4+ 61. Ke2 Qb2+ 62. Kf1 Qb1+ 63. Kg2 Qg6+ 64. Kh2 Qg4 65. Kh1 Qh3+ 66.
Kg1 Kf5 67. Nd4+ Kg4 68. Rxh3 1-0

[Event "Early-Titled-Tuesday-Blitz-May-07-2024"]
[Site "Chess.com"]
[Date "2024.05.07"]
[Round "4"]
[White "Fh2411"]
[Black "Gareth-Bale11"]
[Result "0-1"]
[WhiteElo "2535"]
[BlackElo "2910"]
[TimeControl "180+1"]
[EndTime "8:43:57 PDT"]
[Termination "Gareth-Bale11 won by resignation"]

1. d4 Nf6 2. Nf3 e6 3. Bf4 b6 4. e3 Bb7 5. Nbd2 Be7 6. Bd3 Nh5 7. Bg3 Nxg3 8. hxg3 d6 9. Qe2 Nd7 10. c3 c5 11. O-O-O Qc7 12. Kb1 a6 13. g4 b5 14. g5 c4 15. Bc2 d5 16. g6 O-O-O 17. gxf7 b4 18. cxb4 Bxb4 19. Bxh7 Kb8 20. Ng5 Nf8 21. Bc2 Rh6 22. Ndf3 c3 23. Ne5 cxb2 24. f4 Rc8 25. Ngf3 Ka7 26. g4 Bc6 27. g5 Rxh1 28.
Rxh1 Bb5 29. Qf2 Ba3 30. g6 Ba4 31. Ne1 Bb4 32. N5d3 Ba3 33. Nc5 Bxc5 34. dxc5 Qxc5 35. Rh2 Qc3 36. Nd3 Nxg6 37. Qd2 Bxc2+ 38. Qxc2 Nf8 39.
Qxc3 Rxc3 40. Rh8 Ng6 41. f8=Q Nxf8 42. Rxf8 Rxd3 43. Kxb2 Rxe3 44. Rf7+ Kb6 45. Rxg7 Kc5 46. Ra7 Kb5 47. Rb7+ Kc6 48. Ra7 Kb6 49. Re7 Re4 50. Kb3 Kc5 51. Ra7 Rxf4 52. Rxa6 e5 53. Ra5+ Kc6 54.
Ra6+ Kb5 55. Re6 Rf3+ 56. Kb2 e4 57. Re8 Kb4 58. Rb8+ Kc4 59. a4 e3 60. Re8 d4 61. a5 Rf5 62. a6 Ra5 63. Rc8+ Kd3 64. Rc6 e2 65. Re6 Rxa6 0-1

[Event "Early-Titled-Tuesday-Blitz-May-07-2024"]
[Site "Chess.com"]
[Date "2024.05.07"]
[Round "4"]
[White "valeriocarnicelli"]
[Black "KnightDuta"]
[Result "1-0"]
[WhiteElo "2566"]
[BlackElo "2730"]
[TimeControl "180+1"]
[EndTime "8:44:00 PDT"]
[Termination "valeriocarnicelli won on time"]

1. e4 d5 2. exd5 Nf6 3. d4 Nxd5 4. c4 Nb6 5. Nf3 Bg4 6. Be3 e5 7. dxe5 Qxd1+ 8. Kxd1 Nc6 9. Be2 O-O-O+ 10. Nbd2 Bb4 11. Kc1 Rhe8 12. h3 Bxd2+ 13. Bxd2 Bxf3 14. Bxf3 Nxc4 15. Bxc6 bxc6 16. Bc3 Nxe5 17. Kc2 Ng6 18. Rhe1 Nf4 19. Bxg7 Nxg2 20. Rxe8 Rxe8 21. Rd1 Nf4 22. h4 Nd5 23. a3 Re4 24. h5 Rf4 25. Rd2 a5 26. h6 Kd7 27.
Re2 f6 28. Bf8 Rh4 29. Bg7 Rf4 30. Rd2 Ke6 31. Re2+ Kf7 32. Rd2 Re4 33. Kb3 a4+ 34. Kc2 Ke6 35. Kd3 Rh4 36. Re2+ Kd7 37. Rc2 Rf4 38. Re2 Rf3+ 39. Kc2 Rb3 40. Rd2 Ke6 41. Rd4 Rf3 42. Re4+ Kd6 43. Rxa4 Rxf2+ 44. Kb1 f5 45.
Ra8 f4 46. Rh8 f3 47. Rxh7 Rf1+ 48. Ka2 Ke6 49. Rh8 Rh1 50. Rf8 Rh3 51. Rxf3 Rxf3 52. h7 Rh3 53. h8=Q Rxh8 54. Bxh8 Nb6 55. Kb3 c5 56. a4 Kd5 57. a5 Na8 58. Bc3 Kc6 59.
Kc4 Kb7 60. Kxc5 c6 61. Be5 Ka6 62. b4 Kb7 63. Bf4 Ka6 64. Kxc6 Ka7 65. b5 1-0

[Event "Early-Titled-Tuesday-Blitz-May-07-2024"]
[Site "Chess.com"]
[Date "2024.05.07"]
[Round "4"]
[White "betta2004"]
[Black "IlanSchnaider"]
[Result "1-0"]
[WhiteElo "2547"]
[BlackElo "2717"]
[TimeControl "180+1"]
[EndTime "8:44:03 PDT"]
[Termination "betta2004 won by checkmate"]

1. e4 c5 2. Nc3 d6 3. Bb5+ Bd7 4.
Bxd7+ Nxd7 5. d4 cxd4 6. Qxd4 h6 7. Nf3 e5 8. Qd3 Ngf6 9. Be3 Rc8 10. O-O-O Qa5 11. Kb1 Be7 12. Nd5 Nxd5 13. exd5 O-O 14. g4 Qa4 15. Qf5 g6 16. b3 Qb5 17. a4 gxf5 18. axb5 f4 19. Bc1 Nf6 20. c4 Ne4 21. Rdf1 a6 22. bxa6 bxa6 23. Kc2 Nf6 24. Nh4 Rfe8 25.
Nf5 Bf8 26. Kb1 a5 27. Ba3 a4 28. Bxd6 axb3 29. Bxf8 Rxf8 30. Ne7+ Kg7 31. Nxc8 Rxc8 32.
Rc1 Ne4 33. Kb2 Nxf2 34. Kxb3 Nxh1 35. Rxh1 Kf6 36. Re1 Rb8+ 37. Kc3 Rg8 38. c5 Rxg4 39. c6 Rg8 40. Kc4 f3 41. Re3 e4 42. Rxe4 Kf5 43.
Re7 f6 44. Re1 Kf4 45. d6 Rc8 46. Kd5 Ra8 47. d7 Ra5+ 48. Kd6 Ra2 49. c7 Rd2+ 50. Kc6 Rc2+ 51. Kb7 f2 52. Rf1 Kf3 53. c8=Q Rb2+ 54.
Kc7 Kg2 55. Rxf2+ Rxf2 56. d8=Q Rc2+ 57. Kb8 Rxc8+ 58. Qxc8 Kxh2 59. Qf5 Kg3 60. Kc7 h5 61.
Kd6 h4 62. Qf1 h3 63. Qh1 f5 64. Kd5 f4 65. Ke4 h2 66. Kd3 Kf2 67. Qxh2+ Kf3 68.
Kd2 Ke4 69. Ke2 Kf5 70. Kf3 Kg5 71. Qxf4+ Kh5 72. Qg3 Kh6 73. Kf4 Kh7 74. Kf5 Kh8 75. Kf6 Kh7 76. Qg7# 1-0

[Event "Early-Titled-Tuesday-Blitz-May-07-2024"]
[Site "Chess.com"]
[Date "2024.05.07"]
[Round "4"]
[White "Barbix1"]
[Black "Masterisback04"]
[Result "1-0"]
[WhiteElo "2275"]
[BlackElo "2008"]
[TimeControl "180+1"]
[EndTime "8:44:03 PDT"]
[Termination "Barbix1 won on time"]

1. d4 Nf6 2. c4 g6 3. Nc3 Bg7 4. e4 d6 5. h3 O-O 6. Be3 a6 7.
g4 b5 8. cxb5 axb5 9. Bxb5 Bb7 10. Qc2 c6 11. Bc4 d5 12. exd5 Nxd5 13. Nxd5 cxd5 14. Bd3 Nc6 15. Ne2 e5 16. O-O Qh4 17.
Kh2 exd4 18. Bf4 Be5 19. Qd2 Rfe8 20. Bb5 Bxf4+ 21. Qxf4 Re6 22. Bxc6 Rxc6 23. Nxd4 Rf6 24. Qg3 Qxg3+ 25. Kxg3 Ra4 26. Rfd1 h6 27. b3 Rb4 28. a3 Rbb6 29. f4 Ba6 30. a4 Rb4 31. Rac1 Rb8 32. Rc6 Rxc6 33. Nxc6 Rb6 34. Nd4 Rb4 35. Kf3 Kg7 36.
Ke3 Bc8 37. Rc1 Bd7 38. Rc5 Be8 39. Rxd5 Rb8 40. Rc5 Kf8 41. a5 Ke7 42. Rc4 Bd7 43. b4 Kd6 44. Kd3 Bc8 45. Kc3 Bd7 46. Rc5 g5 47.
fxg5 hxg5 48. Rxg5 Rc8+ 49. Kb3 Rh8 50. Nf5+ Kc7 51. h4 Be6+ 52. Kc3 Rd8 53. Nd4 Bd5 54. Rf5 Kb7 55. Rf6 Rc8+ 56. Kd3 Bc4+ 57. Ke4 Re8+ 58. Kf4 Bd3 59. Nf5 Re4+ 60. Kf3 Rxb4 61. h5 Be4+ 62. Ke3 Bxf5 63. Rxf5 Rxg4 64. Rxf7+ Ka6 65.
Rf5 Rg8 66. Kf3 Rh8 67. Kf4 Rb8 68. Kg5 1-0

[Event "Early-Titled-Tuesday-Blitz-May-07-2024"]
[Site "Chess.com"]
[Date "2024.05.07"]
[Round "4"]
[White "Kacparov"]
[Black "FoggyMorning"]
[Result "1/2-1/2"]
[WhiteElo "2899"]
[BlackElo "2617"]
[TimeControl "180+1"]
[EndTime "8:44:04 PDT"]
[Termination "Game drawn - insufficient material"]

1. e4 e6 2. d4 d5 3. Nd2 c5 4.
exd5 Qxd5 5. dxc5 Qxc5 6. Ngf3 Nf6 7. Bd3 Qc7 8. O-O b6 9. Ne4 Nbd7 10. Qe2 Be7 11.
Nxf6+ Nxf6 12. Bb5+ Bd7 13. Ne5 O-O 14. Nxd7 Nxd7 15.
c3 Nf6 16. g3 Rfd8 17. Bf4 Bd6 18. Bg5 Be7 19. Rad1 h6 20. Bf4 Bd6 21. Bc1 Bc5 22. Bd3 Rd7 23. Bc2 Rad8 24. Rxd7 Rxd7 25. Qf3 Qd8 26.
Kg2 Be7 27. h3 a6 28. a4 b5 29. axb5 axb5 30. Rd1 b4 31. Rxd7 Qxd7 32. c4 h5 33. Be3 g6 34. b3 e5 35. Qa8+ Kg7 36. Qa1 Qe6 37. Qd1 Bd6 38. Bd3 Nd7 39. Be4 Bc5 40.
Bg5 Bd4 41. Qf3 f6 42. Bd2 Nc5 43.
Bxb4 Nxe4 44. Qxe4 Qb6 45. Be7 Qxb3 46. Qc6 e4 47.
Qxe4 Qxc4 48. Bd6 Qc3 49. Qe7+ Kg8 50. Qf8+ Kh7 51. Qf7+ Kh8 52. Qe8+ Kg7 53. Qe7+ Kh8 54. Qe8+ Kh7 55. Qe4 Qb2 56. Qf3 f5 57. h4 Bg7 58. Bf4 Qf6 59. Be3 Qe6 60. Qe2 Qe4+ 61. Kg1 Bd4 62. Qd2 Bxe3 63. fxe3 Qf3 64. Kh2 Qg4 65. Qf2 Qe4 66. Kg1 Qg4 67. Kg2 g5 68. hxg5 Qxg5 69. Qf3 h4 70. Qb7+ Kh6 71. Qc6+ Kh7 72.
Qd7+ Kh6 73. Qe6+ Kh7 74. Qf7+ Kh6 75. Qe6+ Kh7 76. Qd7+ Kh6 77. Qd6+ Kh7 78. Qf4 Qxg3+ 79. Qxg3 hxg3 80. Kxg3 Kg6 81. Kf4 Kf6 82. e4 fxe4 83. Kxe4 1/2-1/2

[Event "Early-Titled-Tuesday-Blitz-May-07-2024"]
[Site "Chess.com"]
[Date "2024.05.07"]
[Round "4"]
[White "Cipy77"]
[Black "ChessQueen"]
[Result "1/2-1/2"]
[WhiteElo "2583"]
[BlackElo "2810"]
[TimeControl "180+1"]
[EndTime "8:44:05 PDT"]
[Termination "Game drawn - insufficient material"]

1. Nf3 f5 2. d3 Nf6 3. Nc3 d5 4. e4 d4 5. Ne2 c5 6. exf5 Bxf5 7. Ng3 Bg6 8. Ne5 Nc6 9. Nxg6 hxg6 10. Be2 Qc7 11. Bf3 O-O-O 12. Bd2 e6 13. Qe2 Re8 14. O-O-O Bd6 15. Ne4 Be7 16. g3 e5 17. h4 Nb4 18.
Kb1 Kb8 19. Nxf6 gxf6 20. Bxb4 cxb4 21. Qe4 f5 22. Qd5 Rc8 23. Rc1 Rhd8 24. Qf7 Rd6 25.
Rhe1 Rf6 26. Qd5 Bd6 27. Re2 a6 28. Rce1 Ka7 29. Ka1 Qb6 30. Kb1 Rc5 31. Qb3 Ra5 32. Bd5 Qc7 33. f3 Rc5 34. g4 fxg4 35. fxg4 Rf4 36.
Be6 a5 37. h5 gxh5 38. gxh5 Rh4 39. Bf7 Qe7 40. Bg6 Rh3 41. a4 Qh4 42. Qf7 Rh1 43. Rxh1 Qxh1+ 44. Ka2 Rc7 45. Qe6 Qc6 46. Be4 Qxa4+ 47. Kb1 b3 48. Qxb3 Qxb3 49. cxb3 Bf8 50. Rg2 Bh6 51. Rg6 Bf4 52. Rf6 Rc1+ 53. Ka2 Rc2 54. Rf7 Rh2 55. Rxb7+ Ka6 56. Rh7 Kb6 57.
b4 axb4 58. Kb3 Bc1 59. Kxb4 Rxb2+ 60. Kc4 Rh2 61. Kd5 Bf4 62. Ke6 Kc5 63. Kf7 Kb4 64. Kg7 Kc3 65. Rh8 Rh3 66. h6 Bxh6+ 67. Rxh6 Rxd3 68.
Bxd3 Kxd3 69. Kf6 e4 70. Ke5 e3 71. Rh3 Kd2 72. Kxd4 e2 73. Rd3+ Kc2 74. Re3 Kd2 75.
Rd3+ Kc2 76. Rc3+ Kd2 77. Re3 e1=Q 78. Rxe1 Kxe1 1/2-1/2

[Event "Early-Titled-Tuesday-Blitz-May-07-2024"]
[Site "Chess.com"]
[Date "2024.05.07"]
[Round "4"]
[White "thesupera12"]
[Black "GlavkonVVS"]
[Result "0-1"]
[WhiteElo "2453"]
[BlackElo "2661"]
[TimeControl "180+1"]
[EndTime "8:44:05 PDT"]
[Termination "GlavkonVVS won by resignation"]

1. e4 Nf6 2. e5 Nd5 3. Bc4 Nb6 4. Bb3 a5 5. a3 a4 6. Ba2 d6 7. exd6 exd6 8. Nf3 Be7 9. O-O O-O 10. h3 Bf6 11.
Nc3 d5 12. d4 Bf5 13. Bf4 c6 14. Qd2 Na6 15. Rfe1 Nc7 16. Be5 Ne6 17. Nd1 Be4 18. Bxf6 Qxf6 19. Ne5 Rfd8 20. f3 Bf5 21. Ne3 Nc4 22.
Bxc4 dxc4 23. c3 Qxe5 24. dxe5 Rxd2 25. Nxf5 Rxb2 26. Rab1 Rb3 27. Nd6 b5 28. Rbd1 Rxc3 29. Ne4 Rxa3 30. Rd7 Rd3 31. Nd6 a3 32. Ra1 b4 33. Rb7 b3 34. Nxc4 a2 35. Nb2 Rc3 36. Na4 Rc4 37. Nb2 Rc2 38. Rxb3 Nd4 39. Rxa2 Re8 40.
Rd3 Ne2+ 41. Kh2 Nf4 42. Rda3 Rxg2+ 43. Kh1 g5 44. Nc4 Rg3 45. Nd6 Rxe5 46. Ra8+ Kg7 47.
Ne8+ Kh6 48. Kh2 Rxh3+ 49. Kg1 Re1+ 50. Kf2 Re2+ 51. Rxe2 Rh2+ 52. Kf1 Rxe2 53. Nf6 Kg6 54. Ng4 Re6 55. Kf2 h5 56. Ne3 c5 57. Ra5 Rc6 58. Nc4 f6 59. Ra8 h4 60. Na5 Rb6 61. Nc4 Rb4 62. Nd6 Rb2+ 63. Kf1 Rd2 64. Rg8+ Kh7 65.
Rd8 c4 66. Rc8 h3 67. Nf5 h2 68. Rc7+ Kg6 69. Rg7+ Kxf5 70. Rh7 c3 71. Ke1 Rg2 72. Kd1 Rg1+ 73. Kc2 h1=Q 74. Rxh1 Rxh1 75. Kb3 Rf1 76. Kc2 Rxf3 77. Kd1 g4 78. Ke1 g3 79. Kd1 Rf2 80.
Kc1 g2 0-1

[Event "Early-Titled-Tuesday-Blitz-May-07-2024"]
[Site "Chess.com"]
[Date "2024.05.07"]
[Round "4"]
[White "Casper"]
[Black "remyrushbrooke"]
[Result "1-0"]
[WhiteElo "2504"]
[BlackElo "2290"]
[TimeControl "180+1"]
[EndTime "8:44:05 PDT"]
[Termination "Casper won on time"]

1. e4 g6 2. g3 Bg7 3. Bg2 d6 4. d3 c5 5. Nf3 Nc6 6. O-O Nf6 7.
c3 O-O 8. Re1 e5 9. Nbd2 d5 10. a4 d4 11. Nc4 Re8 12. a5 Rb8 13. h3 b5 14. axb6 axb6 15. Kh2 b5 16. Na3 dxc3 17. bxc3 b4 18. Nc4 bxc3 19. Qc2 Nb4 20.
Qxc3 Qxd3 21. Qxd3 Nxd3 22. Re2 Nxc1 23. Rxc1 Ba6 24.
Ra2 Bxc4 25. Rxc4 Rb4 26. Rxc5 Nxe4 27. Rc7 Nd6 28. Ng5 h6 29. Nxf7 Nxf7 30. Bd5 Rf8 31.
Raa7 Rb2 32. Rxf7 Rxf7 33. Rxf7 Kh7 34. h4 Rd2 35. Be4 h5 36. Kg2 Re2 37. Kf3 Rb2 38. Ra7 Rb3+ 39. Ke2 Rb4 40. Kd3 Rd4+ 41. Ke3 Rb4 42. Ra6 Rb3+ 43. Ke2 Rb2+ 44. Kf3 Rb3+ 45. Kg2 Rb8 46. Bxg6+ Kh6 47. Be8+ Kh7 48. Bxh5 e4 49. Bg6+ Kh8 50. Bxe4 Rf8 51. f4 Bd4 52. h5 Kg7 53. g4 Rxf4 54. Bf5 Bf6 55. Kg3 Rb4 56.
g5 Rb3+ 57. Kf2 Rb2+ 58. Kf3 Rb3+ 59. Ke4 Bxg5 60. Rg6+ Kf7 61. Rxg5 Rb4+ 62. Ke5 Rb5+ 63. Kf4 Rb4+ 64. Be4 Kf6 65. Rg6+ Kf7 66. Ra6 Kg7 67.
Ke5 Rb5+ 68. Bd5 Rb4 69. Rg6+ Kh7 70. Be4 Rb5+ 71. Kf4 Rxh5 72. Kg4 Rh1 73. Kf4 Rf1+ 74. Ke5 Re1 75. Rg1+ 1-0

[Event "Early-Titled-Tuesday-Blitz-May-07-2024"]
[Site "Chess.com"]
[Date "2024.05.07"]
[Round "4"]
[White "TitarovVasiliYouTube"]
[Black "NigiriSushies"]
[Result "1-0"]
[WhiteElo "2629"]
[BlackElo "2412"]
[TimeControl "180+1"]
[EndTime "8:44:06 PDT"]
[Termination "TitarovVasiliYouTube won by checkmate"]

1. c4 Nf6 2. Nc3 e6 3. d4 d5 4.
cxd5 exd5 5. Bg5 Nbd7 6. e3 c6 7. Bd3 h6 8. Bh4 Be7 9. Nf3 O-O 10. O-O Ne4 11. Bg3 Ndf6 12. Rb1 Re8 13. Qc2 Nxg3 14. hxg3 Bd6 15. b4 a6 16. a4 Bg4 17. b5 axb5 18.
axb5 Bxf3 19. gxf3 Qc8 20. bxc6 bxc6 21. Kg2 Ra3 22. Rb3 Rxb3 23. Qxb3 Qb8 24. Qa4 c5 25. Rb1 Qc8 26. Nb5 Bf8 27. dxc5 Qxc5 28. Nd4 Qc3 29. Qc2 Rc8 30. Rb7 g6 31. Bxg6 Qxc2 32. Bxc2 Bc5 33. Nf5 Bf8 34. Ba4 Rc4 35. Bb3 Rc3 36. g4 Rc1 37. e4 dxe4 38. Rxf7 exf3+ 39. Kg3 Ne4+ 40. Kh2 Rc3 41. Rb7+ Rxb3 42. Rxb3 Nxf2 43. Kg3 Ne4+ 44. Kh2 Ng5 45. Rd3 Kh7 46. Kg3 Kg6 47. Nh4+ Kf6 48. Nxf3 Nxf3 49. Kxf3 Be7 50. Rd5 Kf7 51. Rh5 Bg5 52.
Ke4 Ke6 53. Rh3 Kf6 54. Rb3 Bc1 55. Rb6+ Kg5 56. Kf3 Bd2 57. Rb5+ Kg6 58. Rh5 Bg5 59. Rh1 Bd2 60. Rd1 Bg5 61. Rd6+ Kf7 62. Ke4 Kg7 63. Kf5 Kf7 64. Rd7+ Ke8 65. Rb7 Kd8 66. Kg6 Ke8 67. Rh7 Kf8 68. Rxh6 Bxh6 69. Kxh6 Kf7 70. g5 Kg8 71.
Kg6 Kh8 72. Kf7 Kh7 73. g6+ Kh8 74. g7+ Kh7 75. g8=Q+ Kh6 76. Qg6# 1-0